AoeStats
← 居合

Arena

507276006Analyzed
4v4 RM · 14d ago on Sep 17, 2026· 56m 7s· 8 players
Game mode
Random Map
Map size
Large (8 player)
Population
200
Speed
Normal
Resources
Standard
Victory
Conquest
Starting age
Dark Age
Ending age
Imperial Age
RankedLock teamsTeams togetherTeam positionsShared explorationLock speedFull tech treeHidden civsTurbo modeCheats
Victory
Defeat
🇨🇳 Goths · China
840
+15
🇨🇳 Turks · China
827
+15
🇨🇳 Celts · China
794
+16
🇺🇸 Khmer · United States
846
-17
🇻🇳 Persians · Vietnam
841
-17
🇨🇳 Franks · China
820
-16
🇨🇳 Wei · China
719
-12
我是厨子不是愚公,只会做饭不会易大山
0:36 Loom
10:11 Feudal Age
10:45 Double-Bit Axe
12:19 Wheelbarrow
12:50 Gold Mining
12:54 Stone Mining
20:30 Horse Collar
25:33 Castle Age
24:49 Fletching
25:00 Gold Mining
26:42 Bow Saw
26:30 Bodkin Arrow
27:16 Forging
29:35 Fortified Wall
29:06 Treadmill Crane
31:35 Fervor
35:54 Imperial Age
34:27 Padded Archer Armor
35:05 Masonry
35:16 Ballistics
35:43 Caravan
36:03 Leather Archer Armor
37:39 Conscription
37:23 Artillery
38:36 Two-Man Saw
38:14 Heavy Plow
44:53 Bracer
46:17 Hand Cart
47:12 Redemption
49:09 Elite Janissary
54:34 Ring Archer Armor
54:27 Bombard Tower
54:38 Architecture
54:03 Murder Holes
偷家王
10:52 Feudal Age
11:14 Loom
11:21 Double-Bit Axe
11:28 Horse Collar
19:03 Castle Age
18:12 Gold Mining
18:13 Stone Mining
19:57 Bow Saw
19:49 Heavy Plow
19:37 Town Watch
23:53 Wheelbarrow
24:04 Stone Shaft Mining
30:22 Imperial Age
28:18 Hand Cart
28:03 Town Patrol
30:48 Scale Mail Armor
30:58 Forging
31:47 Crop Rotation
32:51 Two-Man Saw
32:03 Squires
32:25 Chain Mail Armor
33:14 Conscription
32:55 Anarchy
32:44 Pikeman
34:09 Iron Casting
33:41 Halberdier
34:36 Perfusion
36:00 Man-at-Arms
36:27 Long Swordsman
37:06 Two-Handed Swordsman
37:33 Champion
41:04 Elite Huskarl
44:23 Illumination
44:10 Fervor
44:39 Theocracy
48:47 Blast Furnace
48:31 Sanctity
居合
5:00 Loom
9:52 Feudal Age
12:13 Double-Bit Axe
18:05 Castle Age
16:44 Horse Collar
17:09 Gold Mining
17:13 Stone Mining
20:22 Bow Saw
22:16 Heavy Plow
24:07 Wheelbarrow
25:15 Wheelbarrow
27:17 Imperial Age
28:03 Gold Shaft Mining
27:37 Thumb Ring
27:48 Thumb Ring
28:06 Ballistics
27:38 Fletching
27:49 Padded Archer Armor
28:14 Hand Cart
28:21 Bodkin Arrow
30:06 Two-Man Saw
29:46 Leather Archer Armor
30:48 Squires
30:34 Arson
30:51 Bracer
31:22 Ring Archer Armor
32:18 Conscription
34:06 Ring Archer Armor
33:11 Elite Janissary
34:55 Caravan
35:51 Town Watch
36:36 Town Patrol
37:31 Scale Barding Armor
37:27 Scale Mail Armor
37:38 Forging
42:30 Artillery
木子李
3:19 Loom
11:02 Feudal Age
16:06 Castle Age
14:55 Double-Bit Axe
34:45 Imperial Age
34:38 Pikeman
41:50 Horse Collar
44:03 Fortified Wall
44:20 Heavy Plow
44:59 Wheelbarrow
45:41 Halberdier
46:07 Arson
52:35 Capped Ram
EHay14
10:29 Feudal Age
17:00 Castle Age
15:58 Double-Bit Axe
17:34 Stone Mining
22:48 Pikeman
33:25 Light Cavalry
41:43 Imperial Age
42:56 Imperial Age
Phước 8 Ngón
9:44 Feudal Age
11:57 Wheelbarrow
11:29 Double-Bit Axe
11:38 Horse Collar
14:49 Loom
19:48 Castle Age
18:10 Gold Mining
18:15 Stone Mining
20:45 Heavy Plow
21:22 Gold Shaft Mining
21:24 Stone Shaft Mining
23:24 Hand Cart
22:59 Town Watch
24:04 Bow Saw
32:22 Imperial Age
29:38 Loom
30:00 Town Patrol
30:43 Murder Holes
34:23 Two-Man Saw
33:54 Crop Rotation
32:48 Capped Ram
34:58 Scale Mail Armor
35:10 Forging
34:23 Siege Ram
35:48 Elite War Elephant
37:50 Conscription
38:34 Iron Casting
38:17 Chain Mail Armor
40:37 Blast Furnace
42:46 Plate Mail Armor
56:25 Scale Barding Armor
I QUIT FOR THE SICK MAP
9:09 Feudal Age
9:39 Double-Bit Axe
9:37 Horse Collar
16:15 Wheelbarrow
15:55 Gold Mining
VImuyan
2:35 Loom
11:19 Feudal Age
12:38 Town Watch
18:07 Castle Age
16:04 Stone Mining
18:07 Double-Bit Axe
19:56 Bow Saw
19:58 Gold Mining
20:04 Gold Mining
21:16 Fletching
29:44 Wheelbarrow
29:53 Wheelbarrow
33:31 Imperial Age
33:42 Imperial Age
31:33 Husbandry
32:33 Murder Holes
34:19 Fervor
33:57 Cavalier
34:05 Cavalier
34:52 Chivalry
35:14 Conscription
35:40 Hand Cart
36:04 Gold Shaft Mining
35:34 Paladin
38:06 Town Patrol
39:10 Scale Barding Armor
39:15 Forging
42:14 Chain Barding Armor
42:30 Iron Casting
Connection lost

Rejoining the realm…

Still unreachable

The connection could not be restored.

Session expired

The server has moved on; the page needs a fresh start.